 Dungeon Crawl Stone Soup version 0.28-a0-1382-g92835e5c71 (webtiles) character file.

Game seed: 8708595171076204601

20 YayAnonymity the Shooter (level 2, -1/33 HPs)
             Began as a Demonspawn Hunter on Jan 1, 2022.
             Slain by an adder (3 damage)
             ... on level 2 of the Dungeon.
             The game lasted 00:02:49 (413 turns).

YayAnonymity the Shooter (Demonspawn Hunter)         Turns: 413, Time: 00:02:50

Health: -1/33      AC:  3    Str: 12    XL:     2   Next: 58%
Magic:  2/2        EV: 11    Int: 12    God:
Gold:   34         SH:  0    Dex: 13    Spells: 1/1 levels left

rFire   . . .      SeeInvis .   b - +0 short sword
rCold   . . .      Faith    .   (no shield)
rNeg    . . .      Spirit   .   c - +0 leather armour
rPois   .          Reflect  .   (no helmet)
rElec   .          Harm     .   (no cloak)
rCorr   .          Rampage  .   (no gloves)
Will    .....                   (no boots)
Stlth   ..........              (no amulet)
HPRegen 0.11/turn               (no ring)
MPRegen 0.08/turn               (no ring)

@: berserking, lethally poisoned (-1 -> -7), very quick
A: demonic magic 1
a: no special abilities


You were on level 2 of the Dungeon.
You visited 1 branch of the dungeon, and saw 2 of its levels.

You collected 34 gold pieces.

Inventory:

Hand Weapons
 a - a +1 shortbow
 b - a +0 short sword (weapon)
Missiles
 d - 36 arrows
Armour
 c - a +0 leather armour (worn)
Scrolls
 e - a scroll of acquirement {unknown}


   Skills:
 - Level 2.0 Fighting
 + Level 4.3 Bows
 - Level 1.7 Dodging
 - Level 0.8 Stealth


You had one spell level left.
You didn't know any spells.
Your spell library was empty.

Dungeon Overview and Level Annotations

Branches:
Dungeon (2/15)

Altars:
Dithmenos


Innate Abilities, Weirdness & Mutations

Spells you cast may paralyse adjacent enemies.


Message History

An adder comes into view.
The adder hisses angrily.
a - a +1 shortbow (weapon)
You shoot an arrow. The arrow hits the adder!
The adder is severely wounded.
You shoot an arrow.
The arrow hits the adder but does no damage.
The adder is severely wounded.
The adder bites you.
You are poisoned.
The adder poisons you!
You shoot an arrow. The arrow barely misses the adder.
You feel sick. The adder barely misses you.
You shoot an arrow. The arrow barely misses the adder.
You feel sick. The adder bites you but does no damage.
b - a +0 short sword (weapon)
You feel sick. The adder bites you.
You are more poisoned.
The adder poisons you!
You hit the adder but do no damage.
The adder is severely wounded.
You feel sick. The adder bites you.
You are lethally poisoned!
The adder poisons you!
You barely miss the adder.
The adder is severely wounded.
* * * LOW HITPOINT WARNING * * *
You feel sick. The adder misses you. x2
You miss the adder.
The adder is severely wounded.
* * * LOW HITPOINT WARNING * * *
You feel very sick. The adder bites you.
* * * LOW HITPOINT WARNING * * *
It was a potion of berserk rage.
A red film seems to cover your vision as you go berserk!
You feel yourself moving faster!
You feel mighty!
* * * LOW HITPOINT WARNING * * *
You feel sick. The adder barely misses you. The adder bites you.
You die...

(######## ........#
........# #.........#
#.....(...# .
#......(..# ..
#.......S.# ...
#........@# ....
#.........# .....
#.........#####......
#....†<..............
#.........#####......
#.........# #####
#.........#
###########


You could see an adder.

Vanquished Creatures
  A dart slug (D:1)
  2 endoplasms (D:1)
  5 goblins
  A quokka (D:1)
  4 ball pythons
  A bat (D:2)
  3 kobolds
17 creatures vanquished.

Notes
Turn   | Place    | Note
-------+----------+-------------------------------------------
     0 | D:1      | YayAnonymity the Demonspawn Hunter began the quest for the
                  | Orb.
     0 | D:1      | Reached XP level 1. HP: 16/16 MP: 1/1
     6 | D:1      | Found a faded altar of an unknown god.
    64 | D:1      | Reached skill level 4 in Bows
    69 | D:1      | Gained mutation: Spells you cast may paralyse adjacent
                  | enemies. [demonic ancestry]
    69 | D:1      | Reached XP level 2. HP: 22/22 MP: 2/2
   248 | D:2      | Found a shadowy altar of Dithmenos.
   412 | D:2      | HP: 1/22 [adder (2)]
   413 | D:2      | Slain by an adder

Illustrated notes

Levels and vault maps discovered:
D:1:      psy_arrival_terrarium, layout_rooms, dreamdust_ecumenical_altar_grove
D:2:      minmay_kobold_bridge, layout_basic, basic_altar,
          hangedman_decor_slide_cut

Skill      XL: |  1 |
---------------+----+-----
Bows           | 4 |  4.3
Fighting       | |  2.0
Dodging        | |  1.7
Stealth        | |  0.8

Action                   || total
-------------------------++-------
Melee: Short sword       ||    13
 Fire: Shortbow          ||    28
  Use: Potion            ||     1
Armor: Leather armour    ||     8
Dodge: Dodged            ||    11

Table legend: (Time is in decaauts)
 A = Elapsed time spent in this place.
 B = Non-inter-level travel time spent in this place.
 C = Inter-level travel time spent in this place.
 D = Time resting spent in this place.
 E = Time spent auto-exploring this place.
 F = Levels seen in this place.
 G = Mean time per level.
                   A        B        C        D        E       F      G
               +--------+--------+--------+--------+--------+-----+--------+
         Total |    416 |    416 |      0 |    128 |      9 |   2 |  208.0 |
       Dungeon |    416 |    416 |      0 |    128 |      9 |   2 |  208.0 |
               +--------+--------+--------+--------+--------+-----+--------+

Top non-repeatable levels by time:
     D:1: 272 daAuts
     D:2: 143 daAuts
